 Dungeon Crawl Stone Soup version 0.19-a0-1834-g6b7851e (webtiles) character file.

227 KarmaPolice the Slasher (level 5, -2/42 HPs)
             Began as a Vampire Gladiator on Oct 8, 2016.
             Slain by a sky beast (6 damage)
             ... on level 3 of the Dungeon.
             The game lasted 00:05:04 (3024 turns).

KarmaPolice the Slasher (Vampire Gladiator)         Turns: 3024, Time: 00:05:05

Health: -2/42      AC:  0    Str: 15    XL:     5   Next: 70%
Magic:  3/5        EV: 21    Int: 11    God:
Gold:   159        SH:  0    Dex: 19    Spells: 0 memorised, 4 levels left

rFire  . . .     SeeInvis +     (weapon currently unavailable)
rCold  + . .     Gourm    .     (armour currently unavailable)
rNeg   + + .     Faith    .     (shield currently unavailable)
rPois  +         Spirit   .     (helmet currently unavailable)
rElec  .         Dismiss  .     (cloak currently unavailable)
rCorr  .         Reflect  .     (gloves currently unavailable)
MR     .....     Harm     .     (boots currently unavailable)
Stlth  ++++......               (no amulet)
                                (ring currently unavailable)
                                (ring currently unavailable)

@: bat-form, flying, regenerating slowly, very quick
A: fangs 3, see invisible, (unbreathing)
a: End Transformation


You were on level 3 of the Dungeon.
You were very thirsty.
You were in vampire-bat-form.
You visited 1 branch of the dungeon, and saw 3 of its levels.

You collected 159 gold pieces.

Inventory:

Hand Weapons
 a - a +0 long sword (melded)
Missiles
 d - 4 throwing nets (quivered)
Armour
 b - a +0 leather armour (melded)
 c - a +0 helmet (melded)
Jewellery
 l - a +4 ring of protection {unknown}
 q - an uncursed ring of protection from fire {unknown}
Scrolls
 f - a scroll of magic mapping {unknown}
 g - 6 scrolls of identify {unknown}
 n - a scroll of immolation {unknown}
 o - a scroll of teleportation {unknown}
 p - a scroll of enchant weapon {unknown}
 r - a scroll of fear {unknown}
 s - a scroll of recharging {unknown}
Potions
 e - 14 potions of blood
 h - 3 potions of lignification {unknown}
 i - 2 potions of degeneration {unknown}
 j - a potion of curing {unknown}
 k - a potion of cancellation {unknown}
 m - a potion of might {unknown}


   Skills:
 + Level 4.0 Fighting
 + Level 5.0 Long Blades
 - Level 1.5 Throwing
 - Level 3.2 Dodging
 - Level 0.1 Spellcasting


You had 4 spell levels left.
You didn't know any spells.

Dungeon Overview and Level Annotations

Branches:
Dungeon (3/15)

Altars:
Ashenzari
Gozag
Ru


Innate Abilities, Weirdness & Mutations

You heal slowly.
You have razor-sharp teeth.
You have supernaturally acute eyesight. (SInv)
((You can survive without breathing.))


Message History

You slash the ball python!
You kill the ball python!
The sky beast hits you but does no damage.
You miss the sky beast.
The sky beast flickers out of sight for a moment.
The sky beast hits you. The sky beast shocks you.
* * * LOW HITPOINT WARNING * * *
You are too injured to fight recklessly!
You are too injured to fight recklessly!
You are too injured to fight recklessly!
You fail to use your ability.
The sky beast closely misses you.
Unknown command.
You turn into a vampire bat.
Your +0 long sword melds into your body.
Your +0 helmet melds into your body.
Your +0 leather armour melds into your body.
The sky beast hits you.
* * * LOW HITPOINT WARNING * * *
The sky beast shocks you.
You die...

#.....#.##.###
##.##...##^#
#..#..###..#
#>##.###..##
##.##.#.÷<## #
#..##.#.### #
##.##..>.## ###
###.........## #..
#####.Yb.........#####.#
#..$..#†.............n.#
#.........###########..#
#.....##### #..+ #....(#
#..# #.....# #..#
#.....# #..# #...!.#
##.. #....<# ###


You could see a sky beast (invisible).

Vanquished Creatures
  A necrophage (D:3)
  3 gnolls (D:2)
  4 adders
  2 oozes
  A dart slug (D:1)
  3 leopard geckos
  4 orcs (D:3)
  2 ball pythons
  2 giant cockroaches
  9 goblins
  7 hobgoblins
  A quokka (D:3)
  4 bats
  4 frilled lizards
  10 kobolds
  6 rats
63 creatures vanquished.

Notes
Turn   | Place    | Note
-------+----------+-------------------------------------------
     0 | D:1      | KarmaPolice the Vampire Gladiator began the quest for the Orb.
     0 | D:1      | Reached XP level 1. HP: 16/16 MP: 1/1
   265 | D:1      | Found a shattered altar of Ashenzari.
   273 | D:1      | Reached XP level 2. HP: 22/22 MP: 2/2
   985 | D:2      | Reached XP level 3. HP: 26/28 MP: 3/3
  1210 | D:2      | Reached skill level 4 in Long Blades
  1484 | D:2      | Reached XP level 4. HP: 24/34 MP: 4/4
  2392 | D:3      | Found an opulent altar of Gozag.
  2447 | D:3      | Found a faded altar of an unknown god.
  2663 | D:3      | Found a sacrificial altar of Ru.
  2905 | D:3      | Reached XP level 5. HP: 25/41 MP: 5/5
  2918 | D:3      | Noticed a necrophage
  2958 | D:3      | Killed a necrophage
  2958 | D:3      | Reached skill level 5 in Long Blades
  3015 | D:3      | Noticed a sky beast
  3024 | D:3      | Slain by a sky beast

Vault maps used:
D:1:      dpeg_arrival_stonehenge_12_columns, columned_hall_lemuel,
          evilmike_ruin_ashenzari
D:2:      first_bread, minmay_randomly_rotated_circles
D:3:      lemuel_doored_altar, overflow_temple_1_default,
          nicolae_gozag_seed_capital, ecumenical_altar_1, fountainhead

Skill      XL: |  1  2  3  4  5 |
---------------+----------------+-----
Fighting       | 2 3 4 |  4.0
Long Blades    | 4 5 |  5.0
Throwing       | |  1.5
Dodging        | |  3.2
Spellcasting   | |  0.1

Action                   |  1- 3 |  4- 6 || total
-------------------------+-------+-------++-------
Melee: Long sword        |    66 |   103 ||   169
       Bite              |     4 |     6 ||    10
 Abil: Bat Form          |       |     1 ||     1
  Use: Potion            |       |     1 ||     1
 Stab: Sleeping          |     2 |     4 ||     6
  Eat: Corpse            |       |     2 ||     2
Armor: Leather armour    |    13 |    13 ||    26
Dodge: Dodged            |    53 |    61 ||   114
       Rpst.: Long sword |    15 |    21 ||    36
